 Dungeon Crawl Stone Soup version 0.26.0-10-g1f06aea511 (webtiles) character file.

Game seed: 11430239403337227777

448 night the Skirmisher (level 6, 0/51 HPs)
             Began as a Demonspawn Gladiator on Jan 24, 2021.
             Slain by Menkaure (7 damage)
             ... on level 4 of the Dungeon.
             The game lasted 00:06:57 (3466 turns).

night the Skirmisher (Demonspawn Gladiator)         Turns: 3466, Time: 00:06:57

Health: 0/51       AC:  9    Str: 15    XL:     6   Next: 73%
Magic:  6/6        EV: 11    Int: 11    God:
Gold:   146        SH:  0    Dex: 14    Spells: 5/5 levels left

rFire    + + .     SeeInvis .     - Unarmed
rCold    . . .     Faith    .   (no shield)
rNeg     . . .     Spirit   .   e - +0 ring mail
rPois    .         Reflect  .   b - +0 helmet
rElec    .         Harm     .   (no cloak)
rCorr    .         Rampage  .   g - +0 pair of gloves
Will     .....                  o - +1 pair of boots
Stlth    +.........             (no amulet)
HPRegen  0.17/turn              j - ring of protection from fire
MPRegen  0.10/turn              (no ring)

@: no status effects
A: talons 2, fire resistance 1, high mp 1
a: no special abilities


You were on level 4 of the Dungeon.
You visited 1 branch of the dungeon, and saw 4 of its levels.

You collected 146 gold pieces.

Inventory:

Missiles
 c - 3 throwing nets (quivered)
Armour
 b - a +0 helmet (worn)
 e - a +0 ring mail (worn)
 g - a +0 pair of gloves (worn)
 o - a +1 pair of boots (worn)
Jewellery
 j - a ring of protection from fire (left hand)
 n - a +6 ring of dexterity {unknown}
Wands
 t - a wand of random effects (18)
Scrolls
 h - 4 scrolls of magic mapping {unknown}
 i - a scroll of fog {unknown}
 l - 3 scrolls of identify {unknown}
 m - 2 scrolls of teleportation {unknown}
 p - a scroll of blinking {unknown}
 q - a scroll of random uselessness {unknown}
Potions
 f - a potion of brilliance


   Skills:
 + Level 5.3 Fighting
 - Level 1.7 Throwing
 - Level 2.6 Dodging
 + Level 5.2 Unarmed Combat


You had 5 spell levels left.
You didn't know any spells.
Your spell library was empty.

Dungeon Overview and Level Annotations

Branches:
Dungeon (4/15)
 Temple: D:4-7

Altars:
Ru
Trog
The Shining One

Annotations:
D:4 Menkaure


Innate Abilities, Weirdness & Mutations

You have razor-sharp toenails.
Your flesh is heat resistant. (rF+)
You have an increased reservoir of magic. (+10% MP)


Message History

The gnoll barely misses you.
You hit the gnoll.
You kill the gnoll!
You start resting.
HP restored.
Things that are here:
a +0 spear; a gnoll corpse
Items here: ))))) [[.
No target in view!
Menkaure shouts!
Menkaure casts a spell.
Menkaure seems to speed up.
Menkaure is nearby!
Menkaure calls on the powers of darkness!
Your body is wracked with pain!
Menkaure hits you!!
* * * LOW HITPOINT WARNING * * *
Menkaure hits you but does no damage. Menkaure hits you!
You die...

............###g# ...........#
#.# #....#....# #.#
#....#....# #.# #######
#....#....# #.###### #.....#
#.......### #..)....
###.###.###....)..# ####....
#........####M....# #..Bg
#........####@##### #....
#....>........# #....
#.............###############.
#..............)..........# #.
#........####.###########B# ##
#........# #.# #g# #
#....)...# #.###########.# #
###.###### #....g.B....#.#
######.# ###########.#.#


You could see Menkaure (fast).

Vanquished Creatures
  An ogre (D:4)
  3 orc wizards
  A gnoll shaman (D:4)
  11 gnolls
  5 adders
  A shadow imp (D:2)
  An ooze (D:4)
  3 worms
  4 dart slugs
  A leopard gecko (D:2)
  6 orcs
  5 giant cockroaches
  9 hobgoblins
  4 jackals (D:1)
  A ball python (D:1)
  10 bats
  3 frilled lizards
  8 goblins
  4 kobolds
  8 rats
89 creatures vanquished.

Notes
Turn   | Place    | Note
-------+----------+-------------------------------------------
     0 | D:1      | night the Demonspawn Gladiator began the quest for the Orb.
     0 | D:1      | Reached XP level 1. HP: 16/16 MP: 1/1
   174 | D:1      | Gained mutation: You have sharp toenails. [demonic
                  | ancestry]
   174 | D:1      | Reached XP level 2. HP: 22/23 MP: 2/2
   182 | D:1      | You fall into a shaft and drop 1 floor!
   641 | D:2      | Reached XP level 3. HP: 22/28 MP: 3/3
   991 | D:2      | Reached XP level 4. HP: 35/35 MP: 4/4
  1036 | D:2      | Found a glowing golden altar of the Shining One.
  1480 | D:2      | Reached XP level 5. HP: 42/42 MP: 5/5
  1595 | D:2      | Found a sacrificial altar of Ru.
  2498 | D:3      | Found a bloodstained altar of Trog.
  2647 | D:4      | Noticed an ogre
  2669 | D:4      | Killed an ogre
  2670 | D:4      | Reached XP level 6. HP: 18/50 MP: 6/6
  2679 | D:4      | Gained mutation: You have an increased reservoir of magic.
                  | (+10% MP) [potion of mutation]
  2679 | D:4      | Gained mutation: Your flesh is heat resistant. (rF+)
                  | [potion of mutation]
  2679 | D:4      | Gained mutation: You have razor-sharp toenails. [potion of
                  | mutation]
  2685 | D:4      | Reached skill level 5 in Fighting
  2685 | D:4      | Reached skill level 5 in Unarmed Combat
  2966 | D:4      | Noticed Menkaure
  3089 | D:3      | HP: 2/51 [gnoll/+0 flail (9)]
  3466 | D:4      | Slain by Menkaure

Illustrated notes

Levels and vault maps discovered:
D:1:      dpeg_arrival_windows_large_door, layout_rooms, minmay_tripent
D:2:      layout_loops_ring, hangedman_ru_absence,
          nicolae_tso_swordbearing_angel
D:3:      layout_rooms, old_standard_altar, grunt_decor_resistance,
          kennysheep_generic_room_9
D:4:      layout_basic, lemuel_doored_altar, uniq_menkaure, uniq_blork_the_orc

Skill      XL: |  1  2  3  4  5  6 |
---------------+-------------------+-----
Unarmed Combat | 3 4 5 |  5.2
Fighting       | 3 4 5 |  5.3
Throwing       | |  1.7
Dodging        | |  2.6

Action                   |  1- 3 |  4- 6 || total
-------------------------+-------+-------++-------
Melee: Unarmed           |    95 |   227 ||   322
       Kick              |    20 |    22 ||    42
       Punch             |       |     2 ||     2
  Use: Potion            |       |     6 ||     6
Armor: Leather armour    |    13 |       ||    13
       Ring mail         |    20 |    89 ||   109
       Skin              |       |     7 ||     7
Dodge: Dodged            |    60 |   105 ||   165
